 Dungeon Crawl Stone Soup version 0.31-a0-799-g6bc09d010c (webtiles) character file.

Game seed: 10741208131826137032

2 Bravepunisher the Ducker (level 1, -2/11 HPs)
             Began as a Spriggan Monk on Sept 19, 2023.
             Killed by divine providence
             ... invoked by an orc priest
              (12 damage)
             ... on level 4 of the Dungeon.
             The game lasted 00:01:44 (320 turns).

Bravepunisher the Ducker (Spriggan Monk)             Turns: 320, Time: 00:01:44

Health: -2/11      AC:  2    Str:  7    XL:     1   Next: 25%
Magic:  2/2        EV: 18    Int: 11    God:
Gold:   0          SH:  0    Dex: 17    Spells: 0/0 levels left

rFire   . . .        a - +0 short sword
rCold   . . .        d - orb {light}
rNeg    . . .        b - +0 robe
rPois   .            (helmet restricted)
rElec   .            e - scarf {shadows}
rCorr   .            (gloves unavailable)
SInv    +            (boots unavailable)
Will    .....        (no amulet)
Stlth   +            (no ring)
HPRegen 0.21/turn    (no ring)
MPRegen 0.08/turn

%: no passive effects
@: glowing, very quick
A: very small, no large weapons, unfitting armour, see invisible, speed 3
a: no special abilities


You were on level 4 of the Dungeon.
You visited 1 branch of the dungeon, and saw 5 of its levels.

Inventory:

Hand Weapons
 a - a +0 short sword (weapon)
Armour
 b - a +0 robe (worn)
 d - an orb of light (worn)
 e - a scarf of shadows (worn)
Scrolls
 f - 2 scrolls of fear {unknown}
 g - a scroll of noise {unknown}
Potions
 c - a potion of ambrosia


   Skills:
 * Level 2.5 Fighting
 - Level 3.2 Short Blades
 + Level 4.0 Dodging


You couldn't memorise any spells.
You didn't know any spells.
Your spell library was empty.

Dungeon Overview and Level Annotations

Branches:
Dungeon (5/15)
 Temple: D:4-7

Altars:
Elyvilon
Uskayaw
Wu Jian
Zin


Innate Abilities, Weirdness & Mutations

You are very small and have problems with some larger weapons.
You are too small for most types of armour.
You have supernaturally acute eyesight. (SInv)
You cover ground extremely quickly. (Speed+++)


Message History

You kill the ball python!
The gnoll misses you. The gnoll attacks as it pursues you!
The gnoll closely misses you.
The gnoll hits you from afar with a +0 spear!
Ouch! That really hurt!
* * * LOW HITPOINT WARNING * * *
As you open the door, it creaks loudly!
You hear a bark!
There is an open door here.
The hound barks!
The hound closely misses you.
There is a broken door here.
The hound attacks as it pursues you! The hound closely misses you.
The hound attacks as it pursues you! The hound closely misses you.
The hound attacks as it pursues you! The hound closely misses you.
The hound attacks as it pursues you! The hound barely misses you.
The hound attacks as it pursues you! The hound misses you.
An endoplasm comes into view.
The endoplasm quivers.
An orc comes into view. It is wielding a +0 dagger.
The orc shouts!
You hear a shout!
An orc and an orc priest come into view.
The orc shouts!
The endoplasm barely misses you.
An orc comes into view. It is wielding a +0 whip.
The orc shouts!
The hound closely misses you.
The endoplasm attacks as it pursues you!
The endoplasm misses you.
Found a long sword and a scroll labelled SIOQUJI NOLAQE.
Found a stone staircase leading up.
An orc priest comes into view. It is wielding a +1 dagger of draining.
The orc priest shouts!
The orc attacks as it pursues you! The orc barely misses you.
The orc priest looks braver for a moment.
Found a stone staircase leading down.
Found an orange potion.
The orc priest invokes the aid of Beogh against you.
Beogh smites you!
Ouch! That really hurt!
You die...

..................
.................. .!
###..............$..
...#...o...............
...#.#)................
..>..#<.oo.............
#.......o.J...........
#.......o.............
#..@.h..............
#..?########...#####
###.. ........ ....
....... ...... ......
........ ......
........## ......
...... ..!...


You could see a hound, 2 orc priests, 3 orcs and an endoplasm.

Vanquished Creatures
  A goblin (D:3)
  A ball python (D:4)
2 creatures vanquished.

Notes
Turn   | Place    | Note
-------+----------+-------------------------------------------
     0 | D:1      | Bravepunisher the Spriggan Monk began the quest for the
                  | Orb.
     0 | D:1      | Reached XP level 1. HP: 11/11 MP: 2/2
    28 | D:3      | Found a hide-covered altar of Uskayaw.
    29 | D:3      | Noticed a +0 hand axe
    29 | D:3      | Noticed a +0 dagger
    42 | D:5      | Entered Level 5 of the Dungeon
    48 | D:5      | Found a glowing silver altar of Zin.
   107 | D:5      | Noticed a phantom
   121 | D:5      | Noticed a black bear
   132 | D:5      | Found an ornate altar of the Wu Jian Council.
   132 | D:5      | Noticed a scorpion
   184 | D:4      | Noticed a hound
   212 | D:4      | Found a white marble altar of Elyvilon.
   310 | D:4      | Noticed an orc priest
   315 | D:4      | Noticed an orc priest
   320 | D:4      | Killed from afar by an orc priest

Illustrated notes

Levels and vault maps discovered:
D:1:      dpeg_arrival_refuge, layout_loops_corners
D:2:      minmay_general_purpose_star, layout_rooms, serial_corexii_hall,
          chequers_hall_statues_corner_a, corexii_hall_statues_i
D:3:      layout_loops_cross, dancing_weapons_uskayaw,
          okawaru_ov_weapons_minmay, mainiacjoe_overflow_alcove_1,
          gammafunk_ghost_mausoleum, grunt_ministairs_2, uniq_terence,
          uniq_robin
D:4:      layout_basic, mainiacjoe_overflow_concentric_impassable
D:5:      layout_rooms, kennysheep_slug_shrine,
          mainiacjoe_overflow_surrounded_room, mainiacjoe_overflow_chevrons,
          uniq_edmund

Action                     || total
---------------------------++-------
  Melee: Short sword       ||     6
 Armour: Robe              ||     4
  Dodge: Dodged            ||    16

Table legend: (Time is in decaauts)
 A = Elapsed time spent in this place.
 B = Non-inter-level travel time spent in this place.
 C = Inter-level travel time spent in this place.
 D = Time resting spent in this place.
 E = Time spent auto-exploring this place.
 F = Levels seen in this place.
 G = Mean time per level.
                   A        B        C        D        E       F      G
               +--------+--------+--------+--------+--------+-----+--------+
         Total |    204 |    204 |      0 |      0 |     29 |   5 |   40.8 |
       Dungeon |    204 |    204 |      0 |      0 |     29 |   5 |   40.8 |
               +--------+--------+--------+--------+--------+-----+--------+

Top non-repeatable levels by time:
     D:4: 97 daAuts
     D:5: 81 daAuts
     D:3: 19 daAuts
     D:2: 4 daAuts
     D:1: 1 daAuts
